 Dungeon Crawl Stone Soup version 0.29.1-1-gd02db6906a (webtiles) character file.

Game seed: 2354041438337806583

39 H0rd4k the Charlatan (level 3, -11/26 HPs)
             Began as a Human Artificer on Sept 23, 2022.
             Killed from afar by Ijyb (12 damage)
             ... with a puff of flame
             ... on level 3 of the Dungeon.
             The game lasted 00:01:19 (2187 turns).

H0rd4k the Charlatan (Human Artificer)              Turns: 2187, Time: 00:01:20

Health: -11/26     AC:  4    Str: 12    XL:     3   Next: 67%
Magic:  3/3        EV: 11    Int: 13    God:
Gold:   151        SH:  0    Dex: 13    Spells: 2/2 levels left

rFire   . . .      SeeInvis .   s - +2 dagger (venom)
rCold   . . .      Faith    .   (no shield)
rNeg    . . .      Spirit   .   b - +0 leather armour
rPois   .          Reflect  .   (no helmet)
rElec   .          Harm     .   (no cloak)
rCorr   .          Rampage  .   (no gloves)
Will    .....                   j - +0 pair of boots
Stlth   +.........              (no amulet)
HPRegen 0.08/turn               (no ring)
MPRegen 0.08/turn               (no ring)

@: brilliant
A: no striking features
a: no special abilities


You were on level 3 of the Dungeon.
You visited 1 branch of the dungeon, and saw 3 of its levels.

You collected 151 gold pieces.

Inventory:

Hand Weapons
 h - a +0 vorpal spear
 s - a +2 dagger of venom (weapon)
Armour
 b - a +0 leather armour (worn)
 j - a +0 pair of boots (worn)
 m - a +0 helmet
Jewellery
 i - an amulet of reflection
Wands
 c - a wand of flame (29) (quivered)
 d - a wand of charming (15)
 e - a wand of iceblast (4)
Scrolls
 g - 4 scrolls of identify {unknown}
 k - 4 scrolls of fog {unknown}
 l - a scroll of enchant weapon {unknown}
 n - a scroll of summoning {unknown}
 p - a scroll of teleportation {unknown}
 t - 2 scrolls of noise {unknown}
Potions
 f - a potion of resistance {unknown}
 o - a potion of curing {unknown}
 q - a potion of lignification {unknown}
 r - a potion of magic {unknown}


   Skills:
 + Level 1.6 Fighting
 * Level 0.5 Short Blades
 - Level 1.8 Polearms
 - Level 2.0 Armour
 + Level 1.8 Dodging
 - Level 1.0 Stealth
 - Level 3.0 Evocations


You had 2 spell levels left.
You didn't know any spells.
Your spell library contained the following spells:

 Spells                   Type           Power      Damage    Failure   Level
 Blink                    Tloc           0%         N/A       52%         2
 Stone Arrow              Conj/Erth      0%         3d7       75%         3
 Leda's Liquefaction      Hex/Erth       0%         N/A       98%         4
 Freezing Cloud           Conj/Ice/Air   0%         6-21      100%        5
 Manifold Assault         Tloc           0%         N/A       100%        5
 Dispersal                Tloc           0%         N/A       100%        6
 Simulacrum               Ice/Necr       0%         N/A       100%        6
 Polar Vortex             Ice            0%         N/A       100%        9


Dungeon Overview and Level Annotations

Branches:
Dungeon (3/15)

Altars:
Dithmenos
Hepliaklqana
Sif Muna

Annotations:
D:3 Ijyb


Message History

You see here a frilled lizard corpse.
You open the door.
There is an open door here.
t - 2 scrolls labelled BUMNIR ZAYJ (gained 1)
There is an open door here.
Ijyb the Twisted Goblin comes into view.
She is wielding a +0 club and carrying a wand of flame (11).
Ijyb shouts!
Ijyb zaps a wand.
The puff of flame hits you!
Ijyb zaps a wand.
The puff of flame hits you.
Ijyb is nearby!
You are too injured to fight recklessly!
Ijyb is nearby!
You are too injured to fight recklessly!
Ijyb is nearby!
You are too injured to fight recklessly!
You are too injured to fight recklessly!
Aiming: Iceblast
Press: ? - help, Shift-Dir - straight line, f - Ijyb
Aim: Ijyb, wielding a +0 club, wearing a +0 leather armour and carrying a wand of flame (9)
The mass of ice explodes!
The iceblast engulfs Ijyb!!
Ijyb is severely wounded.
Unknown command.
You miss Ijyb.
Ijyb is severely wounded.
Ijyb hits you but does no damage.
You barely miss Ijyb.
Ijyb is severely wounded.
Ijyb misses you.
You hit Ijyb but do no damage. Your punch misses Ijyb.
Ijyb is severely wounded.
Ijyb zaps a wand.
The puff of flame hits you!
Ouch! That really hurt!
* * * LOW HITPOINT WARNING * * *
You completely miss Ijyb.
Ijyb is severely wounded.
Ijyb zaps a wand.
The puff of flame misses you.
It was a potion of brilliance.
You feel clever all of a sudden.
Ijyb zaps a wand.
The puff of flame hits you!
You die...

# # . # #. ### #.
.. ###.##.#
#......# #.#..g.#
#.###@#
######.#...#
#######....#.#.###
..............>#
##########.....#
#####.....#
#...'†....#
#.###.....# ## #.#
#.....##


You could see Ijyb.

Vanquished Creatures
  2 dart slugs
  3 bats
  An endoplasm (D:3)
  2 giant cockroaches
  4 goblins
  4 hobgoblins
  4 ball pythons
  7 frilled lizards
  3 kobolds
  3 rats (D:1)
33 creatures vanquished.

Notes
Turn   | Place    | Note
-------+----------+-------------------------------------------
     0 | D:1      | H0rd4k the Human Artificer began the quest for the Orb.
     0 | D:1      | Reached XP level 1. HP: 15/15 MP: 1/1
   381 | D:1      | Reached skill level 1 in Polearms
   381 | D:1      | Reached XP level 2. HP: 21/21 MP: 2/2
   932 | D:1      | Reached XP level 3. HP: 26/26 MP: 3/3
  1414 | D:2      | Found a faded altar of an unknown god.
  1797 | D:3      | Found a shadowy altar of Dithmenos.
  1816 | D:3      | Got Tiyqywen's Compendium of the Voyage and Grit
  1947 | D:3      | Found a hazy altar of Hepliaklqana.
  1991 | D:3      | Found a shimmering blue altar of Sif Muna.
  2180 | D:3      | Noticed Ijyb
  2185 | D:3      | HP: 1/26 [Ijyb/puff of flame (13)]
  2187 | D:3      | Killed from afar by Ijyb

Illustrated notes

Levels and vault maps discovered:
D:1:      minmay_arrival_up_and_down, layout_basic, st_stairs_14,
          dk_noncrumbling_4, moated_statue
D:2:      layout_loops_ring, shapermc_ecumenical_altar_pompeii
D:3:      layout_basic, lemuel_doored_altar, general_overflow_altar,
          nicolae_yredelemnul_corpse_copse, jmf_multi_god_temple, uniq_ijyb

Skill      XL: |  1 |
---------------+----+-----
Polearms       | 1 |  1.8
Fighting       | |  1.6
Short Blades   | |  0.5
Armour         | |  2.0
Dodging        | |  1.8
Stealth        | |  1.0
Evocations     | |  3.0

Action                   || total
-------------------------++-------
Melee: Spear             ||    72
       Punch             ||     2
       Dagger            ||    26
Evoke: Wand              ||     1
  Use: Potion            ||     1
 Stab: Sleeping          ||     4
Armor: Leather armour    ||    32
Dodge: Dodged            ||    43
